cohdb
Replays
Latest Replays
All Replays
Popular Replays
Top Player Replays
Match Explorer
How It Works
Community
CoH3 Stats
Reddit
Sign in to upload your games and track your stats! →
Sign in with Steam
Match 41620910
Unlisted
Match 41620910
Overview
Messages
Build Orders
End
Kettenkrad Recon Vehicle
Construct Infanterie Kompanie
MG 42 Machine Gun Team
Selects Terror Battlegroup
Selects Machine Gun Camouflage
MG 42 Machine Gun Team
Grenadier Squad
Construct Luftwaffe Kompanie
Selects Interrogate
Medical Station
Jäger Squad
221 Scout Car
221 Scout Car
GrW 34 Mortar Team
Pioneer Squad
Jäger Squad
Selects Jericho Trumpet
Grenadier Squad
Support Elements
Marder III M Tank Destroyer
Jäger Squad
Wirbelwind Flakpanzer
Selects V1 Rocket Strike
Flak 30 Anti-aircraft Gun Team
Pioneer Squad
Luftwaffe Officer Quarters
Marder III M Tank Destroyer
V1 Rocket Strike
Mo-J
vatnik
GoLdenCoBRaaa
Scooby
0
0
Comments
sign in to comment!
No comments posted yet!